 Dungeon Crawl Stone Soup version 0.23.2-1-ga50397a (webtiles) character file.

Game seed: 1299799544950264157

30881 goulibeur the Fighter (level 13, -5/122 HPs)
             Began as a Yellow Draconian Berserker on May 21, 2019.
             Was a High Priest of Trog.
             Slain by an eight-headed hydra (8 damage)
             ... on level 5 of the Lair of Beasts on May 22, 2019.
             The game lasted 01:16:53 (19501 turns).

goulibeur the Fighter (Yellow Draconian Berserker) Turns: 19501, Time: 01:16:53

Health: -5/122     AC: 19    Str: 26    XL:     13   Next: 23%
Magic:  13/13      EV: 16    Int:  8    God:    Trog [*****.]
Gold:   442        SH: 18    Dex: 17    Spells: 12/12 levels left

rFire    . . .     SeeInvis .   t - +1 morningstar (protect)
rCold    . . .     Gourm    .   B - +0 large shield
rNeg     . . .     Faith    .   (armour unavailable)
rPois    .         Spirit   .   (helmet restricted)
rElec    .         Reflect  .   z - +2 cloak
rCorr    +         Harm     .   e - +0 pair of gloves
MR       .....                  (no boots)
Stlth    ++........             (no amulet)
HPRegen  0.30/turn              o - +3 ring of dexterity
MPRegen  0.13/turn              (no ring)

@: mighty, lethally poisoned (-5 -> -6), protection aura, berserk cooldown,
flying, slowed, very slow
A: spit acid, unfitting armour, cold-blooded, acid resistance, AC +8
a: Breathe Acid, Berserk, Trog's Hand, Brothers in Arms, Renounce Religion


You were on level 5 of the Lair of Beasts.
You worshipped Trog.
Trog was extremely pleased with you.
You were very hungry.

You visited 2 branches of the dungeon, and saw 13 of its levels.

You collected 607 gold pieces.
You spent 165 gold pieces at shops.

Inventory:

Hand Weapons
 a - a +0 mace
 j - a +0 flail
 t - a +1 morningstar of protection (weapon)
 w - a +4 quarterstaff of chaos
 D - a +4 flail
Missiles
 v - 13 tomahawks
 J - 5 javelins of returning (quivered)
 M - 4 poisoned javelins
Armour
 e - a +0 pair of gloves (worn)
 u - a +0 pair of gloves
 z - a +2 cloak (worn)
 B - a +0 large shield (worn)
Jewellery
 o - a +3 ring of dexterity (left hand)
 p - the amulet of Hioggil {RegenMP *Corrode Slay+4}
   (You found it on level 4 of the Dungeon)

   [amulet of magic regeneration]

   It increases your magic regeneration.
   It affects your accuracy and damage with ranged weapons and melee attacks
   (+4).
   It may corrode you when you take damage.
 q - an uncursed amulet of faith {unknown}
 H - an uncursed ring of ice
Wands
 s - a wand of iceblast (19)
 A - a wand of digging (6)
 F - a wand of flame (31)
 G - a wand of random effects (55)
 K - a wand of disintegration (17)
Scrolls
 g - a scroll of magic mapping
 i - 4 scrolls of enchant weapon
 l - 4 scrolls of remove curse
 r - a scroll of blinking {unknown}
 y - a scroll of amnesia {unknown}
 C - 2 scrolls of enchant armour {unknown}
 E - a scroll of fear {unknown}
 O - a scroll of identify
Potions
 c - 2 potions of flight
 d - 6 potions of brilliance
 f - 3 potions of degeneration
 h - a potion of berserk rage {unknown}
 k - 2 potions of might
 m - 2 potions of cancellation {unknown}
 n - a potion of agility {unknown}
 x - 2 potions of curing {unknown}
 I - 2 potions of lignification
 L - a potion of magic {unknown}
Comestibles
 b - 12 rations


   Skills:
 * Level 13.1 Fighting
 * Level 11.2 Maces & Flails
 + Level 8.8 Throwing
 + Level 9.3 Dodging
 + Level 9.0 Shields


You had 12 spell levels left.
You didn't know any spells.
Your spell library was empty.

Dungeon Overview and Level Annotations

Branches:
Dungeon (8/15)             Temple (0/1) D:4            Lair (5/6) D:8
 Shoals (0/4) Lair:2       Spider (0/4) Lair:3
  Slime: Lair:5-6

Altars:
Cheibriados
Fedhas
Hepliaklqana
Sif Muna
Trog
Xom

Shops:
D:5 (

Annotations:
D:4 1 runed translucent door, Valentain's ghost, amateur OpWr
D:7 1 runed translucent door, 2 transporters, diana's ghost, novice DsGl


Innate Abilities, Weirdness & Mutations

You can spit globs of acid.
Your golden yellow scales are hard. (AC +8)
You cannot fit into any form of body armour.
You are cold-blooded and may be slowed by cold attacks.
You are resistant to acid. (rCorr)


Message History

You feel sick.
The eight-headed hydra barely misses you.
You block the eight-headed hydra's attack.
The eight-headed hydra closely misses you.
The eight-headed hydra bites you!
* * * LOW HITPOINT WARNING * * *
The eight-headed hydra bites you but does no damage.
The eight-headed hydra bites you.
* * * LOW HITPOINT WARNING * * *
The eight-headed hydra closely misses you.
The eight-headed hydra misses you.
You impale the eight-headed hydra!!
The eight-headed hydra is severely wounded.
The eight-headed hydra bites you.
* * * LOW HITPOINT WARNING * * *
You block the eight-headed hydra's attack.
The eight-headed hydra closely misses you.
You block the eight-headed hydra's attack.
The eight-headed hydra bites you!
You die...

...............
............... ...
............... ...
............... #.P
.##.#.......... #.#
###.......... #.# ####
#........P.
##.####..#####........#
#...##...F#@#.....#...##
#..# #...FD###..........
#..# #(.SY####.........#
#P.# #.P..##.....##...##
#..####.†#.##...........
##...####.#####..........
#...#.F.†)§##P#..........
#.#..........§§..........
##..###.####..#P##.....##


You could see a death yak, an eight-headed hydra, a blink frog and a water
moccasin.

Vanquished Creatures
  Harold (Lair:2)
  4 hydras
  7 death yaks
  10 elephants
  4 black mambas
  A torpor snail (Lair:2)
  7 spiny frogs
  4 rime drakes
  6 komodo dragons
  3 jumping spiders (Lair:3)
  17 blink frogs
  6 dream sheep
  4 redbacks (Lair:3)
  6 yaks
  3 hungry ghosts (D:7)
  5 basilisks
  A steam dragon (D:8)
  6 water moccasins
  8 porcupines
  4 ice beasts
  2 orc warriors (D:8)
  2 ogres
  A phantom (D:6)
  8 centaurs
  4 wolves
  7 crocodiles
  11 bullfrogs
  3 big kobolds (D:8)
  A scorpion (D:6)
  5 wights (D:8)
  An electric eel (Lair:4)
  4 crimson imps
  A bullfrog zombie (D:5)
  A jelly (D:7)
  A centaur skeleton (D:8)
  Crazy Yiuf (D:7)
  2 hounds
  2 bullfrog skeletons
  3 orc priests
  4 orc wizards
  3 iguanas
  Jessica (D:2)
  10 hell rats
  4 worker ants
  A hound skeleton (D:5)
  A howler monkey skeleton (D:4)
  8 adders
  16 river rats (Lair:2)
  A shadow imp (D:8)
  4 worms
  A dart slug (D:1)
  A leopard gecko (D:4)
  19 orcs
  A ball python (D:3)
  6 bats
  3 giant cockroaches
  9 goblins
  8 hobgoblins
  8 jackals
  8 quokkas
  7 frilled lizards
  A giant cockroach zombie (D:6)
  5 kobolds
  15 rats
312 creatures vanquished.

Vanquished Creatures (others)
  13 fungi
  6 plants
19 creatures vanquished.

Grand Total: 331 creatures vanquished

Notes
Turn   | Place    | Note
-------+----------+-------------------------------------------
     0 | D:1      | goulibeur the Draconian Berserker began the quest for the
                  | Orb.
     0 | D:1      | Reached XP level 1. HP: 19/19 MP: 1/1
   298 | D:1      | Reached XP level 2. HP: 20/26 MP: 2/2
   723 | D:2      | Noticed Jessica
   732 | D:2      | Killed Jessica
   732 | D:2      | Reached skill level 1 in Throwing
   732 | D:2      | Reached XP level 3. HP: 33/33 MP: 3/3
   968 | D:2      | Reached skill level 4 in Fighting
   968 | D:2      | Reached XP level 4. HP: 34/40 MP: 4/4
  1549 | D:3      | Found a hazy altar of Hepliaklqana.
  1845 | D:3      | Found a deep blue altar of Sif Muna.
  1913 | D:3      | Reached ** piety under Trog
  2086 | D:3      | Reached XP level 5. HP: 46/46 MP: 5/5
  2863 | D:4      | Noticed an ogre
  2869 | D:4      | Killed an ogre
  2869 | D:4      | Reached XP level 6. HP: 55/55 MP: 6/6
  2919 | D:4      | Found a runed translucent door.
  2989 | D:4      | Got an ancient amethyst amulet
  3374 | D:4      | Found a staircase to the Ecumenical Temple.
  3403 | D:4      | Noticed Valentain's ghost (amateur OpWr)
  3442 | D:5      | Entered Level 5 of the Dungeon
  3538 | D:5      | Found Idwuklin's Weapon Boutique.
  3539 | D:5      | Identified the amulet of Hioggil {RegenMP *Corrode Slay+4}
                  | (You found it on level 4 of the Dungeon)
  3542 | D:5      | Found a shimmering altar of Xom.
  3553 | D:5      | Bought a +1 morningstar of protection for 165 gold pieces
  3685 | D:5      | Reached skill level 5 in Fighting
  3804 | D:5      | Your scales start taking on a golden yellow colour.
  3804 | D:5      | Reached XP level 7. HP: 61/61 MP: 7/7
  3804 | D:5      | Gained mutation: You are resistant to acid. (rCorr) [Yellow
                  | Draconian growth]
  4220 | D:6      | Reached skill level 5 in Maces & Flails
  4465 | D:6      | Reached skill level 6 in Fighting
  4465 | D:6      | Reached skill level 5 in Dodging
  4465 | D:6      | Reached XP level 8. HP: 70/70 MP: 8/8
  4663 | D:6      | Reached *** piety under Trog
  4971 | D:6      | Found a snail-covered altar of Cheibriados.
  5273 | D:7      | Found a runed translucent door.
  5281 | D:7      | Reached skill level 7 in Fighting
  5293 | D:7      | Reached skill level 5 in Throwing
  5383 | D:7      | Found a transporter.
  5384 | D:7      | Noticed a two-headed ogre
  5384 | D:7      | Noticed a moth of wrath
  5386 | D:7      | Noticed diana's ghost (novice DsGl)
  5389 | D:7      | Found a bloodstained altar of Trog.
  5390 | D:7      | Identified the +10 battleaxe "Kidiyf" {elec, rF+ rC- rN++
                  | SInv}
  5390 | D:7      | Noticed a tengu warrior
  5406 | D:7      | Found a transporter.
  5417 | D:7      | Reached XP level 9. HP: 71/79 MP: 9/9
  5555 | D:7      | Noticed a sixfirhy
  5618 | D:7      | Found a blossoming altar of Fedhas.
  5753 | D:7      | Found a runed translucent door.
  5754 | D:7      | Noticed Crazy Yiuf
  6034 | D:7      | Killed Crazy Yiuf
  6325 | D:8      | Reached skill level 1 in Shields
  6397 | D:8      | Reached **** piety under Trog
  6421 | D:8      | Reached skill level 8 in Fighting
  6455 | D:8      | Found a staircase to the Lair.
  6455 | D:8      | Noticed an elephant
  6497 | D:8      | Killed an elephant
  6875 | D:8      | Reached XP level 10. HP: 40/90 MP: 10/10
  7718 | D:8      | Reached skill level 9 in Fighting
  7921 | D:8      | Found a bloodstained altar of Trog.
  8259 | D:8      | Noticed a three-headed hydra
  8271 | D:8      | Killed a three-headed hydra
  8271 | D:8      | Reached skill level 5 in Shields
  8790 | Lair:1   | Entered Level 1 of the Lair of Beasts
  8791 | Lair:1   | Noticed a spiny frog
  8808 | Lair:1   | Killed a spiny frog
  8947 | Lair:1   | You fall through a shaft!
  8947 | Lair:2   | Noticed a spiny frog
  8947 | Lair:2   | Noticed a five-headed hydra
  8947 | Lair:2   | Noticed a six-headed hydra
  9035 | Lair:1   | Reached skill level 10 in Fighting
  9821 | Lair:2   | Noticed a spiny frog
  9836 | Lair:2   | Killed a spiny frog
  9919 | Lair:2   | Reached XP level 11. HP: 99/100 MP: 11/11
 10268 | Lair:2   | Found a staircase to the Shoals.
 10603 | Lair:2   | Noticed Harold
 10637 | Lair:2   | Killed Harold
 10637 | Lair:2   | Reached ***** piety under Trog
 10661 | Lair:2   | HP: 3/101 [six-headed hydra (12)]
 10661 | Lair:2   | HP: 1/101 [six-headed hydra (2)]
 10694 | Lair:1   | HP: 3/101 [hell rat (3)]
 11396 | Lair:2   | Killed a five-headed hydra
 12188 | Lair:2   | Killed a six-headed hydra
 12188 | Lair:2   | Reached skill level 11 in Fighting
 14036 | Lair:3   | Found a hole to the Spider Nest.
 14128 | Lair:3   | Received a gift from Trog
 14791 | Lair:3   | Reached XP level 12. HP: 102/110 MP: 12/12
 15770 | Lair:4   | Received a gift from Trog
 15833 | Lair:4   | Reached skill level 12 in Fighting
 16089 | Lair:4   | Reached skill level 10 in Maces & Flails
 16096 | Lair:4   | Noticed a four-headed hydra
 16104 | Lair:4   | Killed a four-headed hydra
 18647 | Lair:5   | Noticed a death yak
 18650 | Lair:5   | Noticed a death yak
 18651 | Lair:5   | Noticed a death yak
 18651 | Lair:5   | Noticed a death yak
 18651 | Lair:5   | Noticed a death yak
 18670 | Lair:5   | Killed a death yak
 18677 | Lair:5   | Killed a death yak
 18688 | Lair:5   | Killed a death yak
 18688 | Lair:5   | Reached XP level 13. HP: 97/119 MP: 13/13
 18771 | Lair:4   | Reached skill level 13 in Fighting
 19500 | Lair:5   | HP: 6/122 [eight-headed hydra (2)]
 19501 | Lair:5   | Slain by an eight-headed hydra

Skill      XL: |  1  2  3  4  5  6  7  8  9 10 11 12 13 |
---------------+----------------------------------------+-----
Throwing       | 1 2 3 4 5 6 7 8 |  8.8
Dodging        | 3 4 5 6 7 8 9 |  9.3
Fighting       | 4 5 6 7 8 10 11 12 13 | 13.1
Maces & Flails | 4 5 6 7 8 9 10 11 | 11.2
Shields        | 3 6 7 8 9 |  9.0

Action                   |  1- 3 |  4- 6 |  7- 9 | 10-12 | 13-15 || total
-------------------------+-------+-------+-------+-------+-------++-------
Melee: Mace              |    43 |   146 |       |       |       ||   189
       Tailslap          |     3 |    23 |    43 |   137 |    25 ||   231
       Flail             |       |    13 |       |       |       ||    13
       Morningstar       |       |    40 |   276 |   697 |    78 ||  1091
Throw: Tomahawk          |       |       |     9 |     2 |       ||    11
       Javelin           |       |       |       |    76 |     6 ||    82
Invok: Berserk           |     1 |     3 |     6 |    14 |     2 ||    26
       Trog's Hand       |       |       |       |     2 |     1 ||     3
  Use: Scroll            |       |     5 |       |     7 |       ||    12
       Potion            |       |       |       |       |     2 ||     2
 Stab: Distracted        |       |       |     1 |     1 |       ||     2
       Sleeping          |       |       |       |     2 |       ||     2
  Eat: Chunk             |     1 |    12 |    13 |    29 |     1 ||    56
       Ration            |       |       |     2 |     7 |     1 ||    10
Armor: Skin              |     6 |    73 |   107 |   194 |    25 ||   405
Dodge: Dodged            |    23 |   153 |   212 |   313 |    41 ||   742
Block: Large shield      |       |       |    46 |   623 |    79 ||   748
